Map: Dead of Night

Players

Tetramachos

  • Race: Protoss Protoss
  • Spawn Location: 0:00

NamroodTuo

  • Race: Zerg Zerg

VOD

Have the link to the VOD?

Description

Time

  • Played on: Feb. 11, 2023, 12:46 p.m.
  • Length: 29:19
Show
View Real Time Build Order
Export as new Build Order

Tetramachos Protoss 

Build Orders:  

Get SALT Encoding   

  12  0:03  Probe (Chrono Boost)  
  13  0:17  Probe (Chrono Boost)  
  14  0:24  Assimilator  
  14  0:30  Probe (Chrono Boost)  
  15  0:41  Assimilator  
  15  0:45  Assimilator  
  15  0:55  Dark Pylon  
  15  0:58  Probe (Chrono Boost)  
  16  1:12  Probe (Chrono Boost)  
  17  1:26  Probe (Chrono Boost)  
  18  1:35  Dark Pylon  
  18  1:40  Probe (Chrono Boost)  
  18  1:48  Gateway  
  19  1:52  Forge  
  19  1:54  Probe (Chrono Boost)  
  20  2:07  Probe (Chrono Boost)  
  21  2:21  Probe (Chrono Boost)  
  21  2:25  Dark Pylon  
  22  2:35  Probe (Chrono Boost)  
  23  2:40  Photon Cannon  
  23  2:42  Photon Cannon  
  23  2:49  Probe (Chrono Boost)  
  23  2:56  Photon Cannon  
  23  2:59  Photon Cannon  
  24  3:03  Probe (Chrono Boost)  
  25  3:10  Dark Pylon  
  25  3:14  Photon Cannon  
  25  3:17  Probe (Chrono Boost)  
  26  3:24  Photon Cannon  
  26  3:31  Probe (Chrono Boost)  
  27  3:43  Cybernetics Core  
  27  3:45  Probe (Chrono Boost)  
  28  3:52  Photon Cannon  
  28  3:58  Probe (Chrono Boost)  
  29  4:12  Probe (Chrono Boost)  
  30  4:20  Protoss Shields Level 1  
  30  4:26  Probe (Chrono Boost)  
  31  4:42  Stargate x2  
  31  4:45  Stargate  
  31  4:51  Twilight Council  
  31  5:00  Dark Pylon  
  31  5:32  Dark Pylon  
  31  5:38  Photon Cannon  
  31  5:40  Photon Cannon  
  31  5:43  Photon Cannon  
  31  5:46  Photon Cannon  
  31  5:48  Void Ray  
  31  5:49  Void Ray  
  39  5:54  Void Ray  
  43  6:00  Protoss Air Weapons Level 1  
  43  6:07  Dark Pylon  
  43  6:13  Photon Cannon  
  43  6:21  Photon Cannon  
  43  6:46  Dark Pylon  
  43  6:48  Void Ray  
  47  6:52  Void Ray  
  51  7:06  Void Ray  
  55  7:18  Dark Pylon  
  55  7:48  Void Ray  
  59  7:52  Void Ray  
  63  8:38  Dark Pylon  
  63  8:45  Void Ray  
  63  8:48  Void Ray  
  71  8:52  Void Ray  
  75  9:01  Protoss Shields Level 2  
  75  9:19  Dark Pylon  
  75  9:23  Photon Cannon  
  75  9:24  Photon Cannon  
  75  9:45  Void Ray  
  75  9:46  Photon Cannon  
  75  9:48  Void Ray  
  83  9:51  Dark Pylon  
  83  9:52  Void Ray  
  87  10:29  Protoss Air Weapons Level 2  
  87  10:32  Dark Pylon  
  87  11:10  Dark Pylon  
  87  11:36  Void Ray x3  
  99  11:44  Dark Pylon  
  99  11:52  Photon Cannon  
  99  11:55  Photon Cannon  
  99  12:05  Photon Cannon  
  99  12:09  Photon Cannon  
  99  12:23  Dark Pylon  
  99  12:36  Void Ray x3  
  111  13:26  Dark Pylon  
  111  13:35  Void Ray  
  111  14:20  Dark Pylon  
  111  14:36  Void Ray x2  
  111  14:37  Void Ray  
  123  14:56  Protoss Shields Level 3  
  123  15:19  Protoss Air Armor Level 1  
  123  15:30  Photon Cannon  
  123  15:33  Photon Cannon  
  123  15:40  Photon Cannon  
  123  15:44  Photon Cannon  
  123  15:50  Dark Pylon  
  123  15:54  Photon Cannon  
  123  15:56  Photon Cannon  
  123  15:58  Photon Cannon  
  123  15:59  Void Ray  
  127  16:00  Void Ray  
  131  16:28  Dark Pylon  
  131  16:48  Void Ray  
  135  17:13  Fleet Beacon  
  135  17:30  Dark Pylon  
  135  18:27  Void Ray x3  
  147  19:39  Void Ray  
  151  19:40  Void Ray  
  151  19:41  Void Ray  
  159  20:39  Void Ray  
  163  20:40  Void Ray  
  167  21:18  Void Ray  
  171  21:39  Void Ray  
  175  22:15  Void Ray  
  175  22:19  Protoss Air Weapons Level 3  
  175  22:54  Void Ray  
  171  23:48  Void Ray  
  171  23:49  Void Ray  
  179  24:12  Dark Pylon  
  179  24:53  Void Ray  
  179  24:54  Void Ray x2  
  191  25:23  Dark Pylon  
  183  25:53  Void Ray  
  187  26:06  Void Ray  
  187  26:07  Void Ray  
  195  27:10  Void Ray  
  195  27:19  Dark Pylon  
  195  28:34  Dark Pylon  
Show
View Real Time Build Order
Export as new Build Order

NamroodTuo Zerg 

Build Orders:  

Get SALT Encoding   

  12  0:06  Infested SCV  
  13  0:13  Infested SCV  
  14  0:25  Overlord  
  14  0:36  Infested SCV  
  15  0:46  Overlord  
  15  0:52  Infested SCV  
  16  1:12  Infested Barracks  
  16  1:24  Infested Barracks, Infested SCV  
  17  1:31  Infested SCV  
  18  1:41  Overlord  
  18  1:56  Infested SCV  
  19  2:09  Infested Refinery  
  19  2:13  Infested Refinery  
  19  2:16  Infested SCV  
  19  2:18  Infested Refinery  
  20  2:33  Infested SCV  
  21  2:46  Infested SCV  
  22  2:57  Infested SCV  
  23  3:18  Infested Barracks Tech Lab  
  23  3:39  Infested Bunker  
  27  3:51  Infested Bunker  
  30  4:31  Infested Bunker  
  34  4:59  Overlord  
  34  5:00  Overlord  
  34  5:01  Infested SCV  
  34  5:05  Infested SCV  
  36  5:20  Infested SCV x2  
  38  5:31  Infested SCV  
  39  6:02  Retinal Augmentation  
  39  6:57  Infested SCV  
  39  6:58  Infested SCV x2  
  39  6:59  Infested SCV x2  
  48  7:06  Infested Bunker  
  48  7:12  Infested Engineering Bay  
  48  7:39  Infested Marine  
  49  7:40  Infested Marine x6  
  55  7:54  Overlord x3  
  48  8:31  Infested Marine x2  
  48  8:32  Infested Marine x23  
  48  8:33  Infested Marine x3  
  76  8:49  Regenerative Plating  
  76  8:54  Overlord x3  
  76  8:55  Infested SCV  
  77  9:07  Plagued Munitions  
  77  9:29  Infested Factory  
  77  9:49  Stukov Infantry Weapons Level 1  
  77  9:50  Infested Marine x4  
  53  10:13  Infested Marine x2  
  53  10:14  Infested Marine x6  
  53  10:19  Infested Marine  
  62  10:20  Infested Marine x13  
  62  10:21  Infested Marine x11  
  84  10:32  Infested Factory  
  83  10:52  Infested Marine  
  83  10:53  Infested Marine x16  
  99  11:14  Infested SCV x3  
  99  11:15  Infested SCV  
  103  11:28  Infested Missile Turret  
  102  11:32  Infested Missile Turret  
  101  11:45  Infested Missile Turret  
  92  11:56  Infested Missile Turret  
  69  12:07  Infested Bunker  
  71  12:24  Infested SCV, Infested Missile Turret  
  71  12:25  Infested SCV x3  
  71  12:26  Infested SCV  
  71  12:29  Stukov Infantry Armor Level 1  
  62  12:34  Infested Marine  
  62  12:35  Infested Marine x4  
  67  12:41  Infested SCV  
  68  13:08  Infested SCV  
  68  13:56  Infested Armory  
  66  14:01  Infested Factory Tech Lab x2  
  64  14:25  Infested Bunker  
  64  14:28  Infested Missile Turret  
  68  14:34  Infested Marine x7  
  68  14:35  Infested Marine x12  
  83  15:03  Infested Marine  
  83  15:04  Infested Marine x19  
  83  15:05  Infested Marine  
  83  15:09  Stukov Infantry Weapons Level 2  
  102  15:17  Aggressive Incubation  
  102  15:42  Overlord x5  
  102  15:57  Infested Marine  
  102  15:58  Infested Marine x10  
  102  15:59  Infested Marine x2  
  103  16:08  Infested Marine x5  
  103  16:09  Infested Marine x4  
  103  16:18  Infested Marine  
  103  16:19  Infested Marine x9  
  108  16:20  Infested Marine x2  
  102  16:51  Infested Marine  
  102  16:52  Infested Marine x10  
  102  16:53  Infested Marine x2  
  110  17:24  Infested Marine  
  110  17:25  Infested Marine x11  
  110  17:26  Infested Marine x3  
  125  17:34  Infested Bunker  
  125  17:38  Infested SCV x3  
  125  17:39  Infested SCV x2  
  95  18:15  Infested Bunker  
  95  18:19  Calcified Armor  
  82  18:20  Infested Marine  
  82  18:21  Infested Marine x8  
  90  18:38  Infested Missile Turret  
  90  18:41  Infested SCV x3  
  90  18:43  Infested SCV  
  94  18:52  Infested Missile Turret  
  94  18:58  Infested Missile Turret  
  94  19:04  Stukov Vehicle and Ship Armor Level 1  
  94  19:11  Automated Mitosis  
  94  19:19  Stukov Infantry Armor Level 2, Infested SCV x2  
  95  19:46  Infested Siege Tank x2  
  99  19:50  Acidic Enzymes  
  93  20:24  Infested Marine x4  
  93  20:25  Infested Marine x2  
  95  21:44  Stukov Vehicle and Ship Weapons Level 1  
  94  21:56  Infested Missile Turret  
  93  22:00  Infested Missile Turret  
  93  22:13  Infested Marine x2  
  93  22:14  Infested Marine  
  93  22:19  Infested Siege Tank x2  
  102  22:21  Infested Siege Tank x3  
  102  22:22  Infested Siege Tank  
  102  22:24  Infested Siege Tank x3  
  102  22:25  Infested Siege Tank  
  126  22:33  Overlord  
  126  22:34  Overlord x4  
  126  23:15  Infested Marine  
  126  23:16  Infested Marine x20  
  126  23:17  Infested Marine x17  
  87  25:25  Infested Siege Tank x7  
  87  25:26  Infested Siege Tank x3  
  117  26:46  Overlord x2  
  117  26:47  Infested SCV x2  
  117  26:48  Infested SCV  
  120  26:51  Infested Siege Tank  
  120  26:52  Infested Siege Tank x5  
  120  26:53  Infested Siege Tank x2  
  144  27:42  Unknown  
Tags
 
Commander
StukovVorazun
Matchup
Co-op
Replay Pack
Multiplayer
Add a new tag
Caveats
  • Supply blocks, unpowered buildings, or Contaminate may cause inaccurate times.
  • Supply counts are checked every 10 seconds.